| TOP OF THE 1ST |
|
Philadelphia Phillies batting - Pitching for Pittsburgh Pirates : RHP Don Boudreau
|
|
Pitching: RHP Don Boudreau
|
|
|
Batting: LHB Nick Canizales
|
0-0: Called Strike 0-1: Foul Ball, location: 2F 0-2: Fly out, F8 (Line Drive, 89M, EV 85.6 MPH)
|
|
Batting: LHB Osamu Kubo
|
0-0: Ball 1-0: SINGLE (Line Drive, 9S, EV 109.4 MPH)
|
|
Batting: SHB Lance Franklin
|
0-0: Ball 1-0: Called Strike 1-1: Ball 2-1: Called Strike 2-2: Fly out, F8 (Flyball, 89M, EV 93.1 MPH)
|
|
Batting: RHB Chef Belew
|
0-0: Ball 1-0: Foul Ball, location: 2F 1-1: Fly out, F8 (Flyball, 78M, EV 86.9 MPH)
|
| Top of the 1st over - 0 runs, 1 hit, 0 errors, 1 left on base; Philadelphia 0 - Pittsburgh 0 |
| BOTTOM OF THE 1ST |
|
Pittsburgh Pirates batting - Pitching for Philadelphia Phillies : RHP Brian Thomas
|
|
Pitching: RHP Brian Thomas
|
|
|
Batting: LHB Jordan de Jesus
|
0-0: Ball 1-0: Called Strike 1-1: Ball 2-1: Foul Ball, location: 2F 2-2: Ball 3-2: TRIPLE (Groundball, 3L, EV 98.1 MPH)
|
|
Batting: RHB Chiel Palstermans
|
0-0: Ball 1-0: Called Strike 1-1: Ball 2-1: Swinging Strike 2-2: Strikes out looking
|
|
Batting: LHB Brad Pepin
|
0-0: Ball 1-0: Called Strike 1-1: Called Strike 1-2: Ball 2-2: SINGLE (Line Drive, 8RS, EV 90.6 MPH) Jordan de Jesus scores
|
|
Batting: LHB Nick Rooney
|
0-0: Ball 1-0: Ball 2-0: DOUBLE (Line Drive, 7LS, EV 96.9 MPH) Brad Pepin to third
|
|
Batting: RHB David Contreras
|
0-0: Ball 1-0: Ball 2-0: Foul Ball, location: 2F 2-1: Ball 3-1: Fly out, F9 (Line Drive, 89M, EV 97.5 MPH) Runner from 3rd tags up, SCORES, throw by RF Nick Rooney to third
|
|
Batting: LHB Micah Boshnjaku
|
0-0: Ball 1-0: Ball Wild Pitch! Nick Rooney scores 2-0: Ball 3-0: Called Strike 3-1: Called Strike 3-2: Base on Balls
|
|
Batting: SHB Jack Andrews
|
0-0: Ball 1-0: Ball 2-0: SINGLE (Groundball, 6MD, EV 102.5 MPH) Micah Boshnjaku to second Runner from 2nd tries for 3rd, SAFE, throw by CF made to third
|
|
Batting: RHB Jason Moss
|
0-0: Ball 1-0: Foul Ball, location: 2F 1-1: Called Strike 1-2: Ball 2-2: Ground out U3 (Groundball, 3, EV 105.0 MPH)
|
| Bottom of the 1st over - 3 runs, 4 hits, 0 errors, 2 left on base; Philadelphia 0 - Pittsburgh 3 |
| TOP OF THE 2ND |
|
Philadelphia Phillies batting - Pitching for Pittsburgh Pirates : RHP Don Boudreau
|
|
Batting: LHB Mike Davis
|
0-0: Ground out 6-3 (Groundball, 6, EV 87.5 MPH)
|
|
Batting: RHB Josh Hensley
|
0-0: Called Strike 0-1: Swinging Strike 0-2: SINGLE (Flyball, 34D, EV 89.4 MPH)
|
|
Batting: LHB Ryan Trombley
|
0-0: Ball 1-0: Foul Ball, location: 2F 1-1: Called Strike 1-2: Fielders Choice at 2nd, 6-4 (Groundball, 6MS, EV 84.4 MPH)
|
|
Batting: LHB Cody Schumacher
|
0-0: Called Strike Ryan Trombley steals 2nd base (no throw) 0-1: Swinging Strike 0-2: Strikes out looking
|
| Top of the 2nd over - 0 runs, 1 hit, 0 errors, 1 left on base; Philadelphia 0 - Pittsburgh 3 |
| BOTTOM OF THE 2ND |
|
Pittsburgh Pirates batting - Pitching for Philadelphia Phillies : RHP Brian Thomas
|
|
Batting: SHB Brad Day
|
0-0: Called Strike 0-1: Foul Ball, location: 2F 0-2: Strikes out swinging
|
|
Batting: LHB Jordan de Jesus
|
0-0: Foul Ball, location: 2F 0-1: Ball 1-1: Ball 2-1: Ball 3-1: Foul Ball, location: 2F 3-2: Base on Balls
|
|
Batting: RHB Chiel Palstermans
|
0-0: Called Strike 0-1: Foul Ball, location: 2F 0-2: Ball 1-2: Ball 2-2: Ground out 4-3 (Groundball, 4, EV 106.9 MPH) Jordan de Jesus to second
|
|
Batting: LHB Brad Pepin
|
0-0: Called Strike 0-1: Ball 1-1: Ball 2-1: Called Strike 2-2: Strikes out looking
|
| Bottom of the 2nd over - 0 runs, 0 hits, 0 errors, 1 left on base; Philadelphia 0 - Pittsburgh 3 |
| TOP OF THE 3RD |
|
Philadelphia Phillies batting - Pitching for Pittsburgh Pirates : RHP Don Boudreau
|
|
Batting: SHB Phuck II
|
0-0: Ball 1-0: Swinging Strike 1-1: Ball 2-1: Called Strike 2-2: Strikes out swinging
|
|
Batting: LHB Nick Canizales
|
0-0: Ground out 6-3 (Groundball, 56, EV 101.9 MPH)
|
|
Batting: LHB Osamu Kubo
|
0-0: Swinging Strike 0-1: Foul Ball, location: 2F 0-2: Ball 1-2: Ball 2-2: Ball 3-2: DOUBLE (Line Drive, 7LS, EV 115.0 MPH)
|
|
Batting: SHB Lance Franklin
|
0-0: Called Strike 0-1: Foul Ball, location: 2F 0-2: Ground out 4-3 (Groundball, 4M, EV 90.0 MPH)
|
| Top of the 3rd over - 0 runs, 1 hit, 0 errors, 1 left on base; Philadelphia 0 - Pittsburgh 3 |
| BOTTOM OF THE 3RD |
|
Pittsburgh Pirates batting - Pitching for Philadelphia Phillies : RHP Brian Thomas
|
|
Batting: LHB Nick Rooney
|
0-0: Foul Ball, location: 2F 0-1: SOLO HOME RUN (Flyball, 7D, EV 101.2 MPH), Distance : 387 ft
|
|
Batting: RHB David Contreras
|
0-0: Ball 1-0: Ball 2-0: Ball 3-0: Fly out, F9 (Flyball, 9D, EV 98.1 MPH)
|
|
Batting: LHB Micah Boshnjaku
|
0-0: Foul Ball, location: 2F 0-1: Ball 1-1: Called Strike 1-2: Ball 2-2: Ball 3-2: Base on Balls
|
|
Batting: SHB Jack Andrews
|
0-0: Called Strike 0-1: Foul Ball, location: 2F 0-2: Strikes out swinging
|
|
Batting: RHB Jason Moss
|
0-0: Called Strike Micah Boshnjaku steals 2nd base 0-1: Ball Micah Boshnjaku steals 3rd base 1-1: Ground out 5-3 (Groundball, 5, EV 86.2 MPH)
|
| Bottom of the 3rd over - 1 run, 1 hit, 0 errors, 1 left on base; Philadelphia 0 - Pittsburgh 4 |
| TOP OF THE 4TH |
|
Philadelphia Phillies batting - Pitching for Pittsburgh Pirates : RHP Don Boudreau
|
|
Batting: RHB Chef Belew
|
0-0: Ball 1-0: Fly out, F8 (Flyball, 8LM, EV 84.4 MPH)
|
|
Batting: LHB Mike Davis
|
0-0: Foul Ball, location: 2F 0-1: Swinging Strike 0-2: Ball 1-2: Foul Ball, location: 2F 1-2: Foul Ball, location: 2F 1-2: Ball 2-2: Strikes out swinging
|
|
Batting: RHB Josh Hensley
|
0-0: Called Strike 0-1: Ball 1-1: Called Strike 1-2: Ball 2-2: Ball 3-2: DOUBLE (Line Drive, 78D, EV 93.1 MPH)
|
|
Batting: LHB Ryan Trombley
|
0-0: Ball 1-0: Fly out, F9 (Line Drive, 9S, EV 88.8 MPH)
|
| Top of the 4th over - 0 runs, 1 hit, 0 errors, 1 left on base; Philadelphia 0 - Pittsburgh 4 |
| BOTTOM OF THE 4TH |
|
Pittsburgh Pirates batting - Pitching for Philadelphia Phillies : RHP Brian Thomas
|
|
Batting: SHB Brad Day
|
0-0: Ball 1-0: Called Strike 1-1: Ball 2-1: Ball 3-1: Ground out 6-3 (Groundball, 6, EV 92.5 MPH)
|
|
Batting: LHB Jordan de Jesus
|
0-0: Foul Ball, location: 2F 0-1: Foul Ball, location: 2F 0-2: Ball 1-2: Ball 2-2: Ball 3-2: Foul Ball, location: 2F 3-2: Base on Balls
|
|
Batting: RHB Chiel Palstermans
|
0-0: Ball 1-0: Ball 2-0: Ball 3-0: Base on Balls Jordan de Jesus to second
|
|
Batting: LHB Brad Pepin
|
0-0: Foul Ball, location: 2F 0-1: Foul Ball, location: 2F 0-2: Foul Ball, location: 2F 0-2: Ball 1-2: SINGLE (Groundball, 56D, EV 96.2 MPH) Jordan de Jesus to third Chiel Palstermans to second
|
|
Batting: LHB Nick Rooney
|
0-0: Ball 1-0: SINGLE (Line Drive, 7LS, EV 108.1 MPH) Jordan de Jesus scores Chiel Palstermans to third Brad Pepin to second Runner from 3rd tries for Home, SAFE, throw by LF to home
|
|
Pitching: RHP David LaBounty
|
|
|
Batting: RHB David Contreras
|
0-0: Called Strike 0-1: Foul Ball, location: 2F 0-2: Ball 1-2: Ball 2-2: Fly out, F8 (Flyball, 8LXD, EV 109.4 MPH) Runner from 2nd tags up, SAFE at 3rd, no throw by CF
|
|
Batting: LHB Micah Boshnjaku
|
0-0: Called Strike 0-1: Called Strike 0-2: Ball 1-2: Fly out, F8 (Flyball, 78M, EV 80.6 MPH)
|
| Bottom of the 4th over - 2 runs, 2 hits, 0 errors, 2 left on base; Philadelphia 0 - Pittsburgh 6 |
| TOP OF THE 5TH |
|
Philadelphia Phillies batting - Pitching for Pittsburgh Pirates : RHP Don Boudreau
|
|
Batting: LHB Cody Schumacher
|
0-0: Called Strike 0-1: Ball 1-1: Swinging Strike 1-2: Foul Ball, location: 2F 1-2: Fly out, F7 (Flyball, 7, EV 88.1 MPH)
|
|
Batting: SHB Phuck II
|
0-0: Called Strike 0-1: Ball 1-1: Swinging Strike 1-2: Foul Ball, location: 2F 1-2: Ground out 6-3 (Groundball, 6, EV 86.2 MPH)
|
|
Batting: LHB Nick Canizales
|
0-0: Ball 1-0: Ground out 6-3 (Groundball, 6, EV 107.5 MPH)
|
| Top of the 5th over - 0 runs, 0 hits, 0 errors, 0 left on base; Philadelphia 0 - Pittsburgh 6 |
| BOTTOM OF THE 5TH |
|
Pittsburgh Pirates batting - Pitching for Philadelphia Phillies : RHP David LaBounty
|
|
Batting: SHB Jack Andrews
|
0-0: Ball 1-0: Fly out, F8 (Flyball, 8RD, EV 83.8 MPH)
|
|
Batting: RHB Jason Moss
|
0-0: Hit by Pitch
|
|
Batting: SHB Brad Day
|
0-0: 2-RUN HOME RUN (Line Drive, 8LXD, EV 108.8 MPH), Distance : 419 ft
|
|
Batting: LHB Jordan de Jesus
|
0-0: Ball 1-0: Ball 2-0: Ball 3-0: Called Strike 3-1: Foul Ball, location: 2F 3-2: Strikes out looking
|
|
Batting: RHB Chiel Palstermans
|
0-0: Called Strike 0-1: Ball 1-1: Swinging Strike 1-2: Foul Ball, location: 2F 1-2: Strikes out looking
|
| Bottom of the 5th over - 2 runs, 1 hit, 0 errors, 0 left on base; Philadelphia 0 - Pittsburgh 8 |
| TOP OF THE 6TH |
|
Philadelphia Phillies batting - Pitching for Pittsburgh Pirates : RHP Don Boudreau
|
|
Batting: LHB Osamu Kubo
|
0-0: Swinging Strike 0-1: Called Strike 0-2: Ball 1-2: Strikes out swinging
|
|
Batting: SHB Lance Franklin
|
0-0: Ball 1-0: Foul Ball, location: 2F 1-1: Foul Ball, location: 2F 1-2: Strikes out swinging
|
|
Batting: RHB Chef Belew
|
0-0: Ball 1-0: Foul Ball, location: 2F 1-1: Ball 2-1: Ball 3-1: Called Strike 3-2: Strikes out swinging
|
| Top of the 6th over - 0 runs, 0 hits, 0 errors, 0 left on base; Philadelphia 0 - Pittsburgh 8 |
| BOTTOM OF THE 6TH |
|
Pittsburgh Pirates batting - Pitching for Philadelphia Phillies : RHP David LaBounty
|
|
Batting: LHB Brad Pepin
|
0-0: Foul Ball, location: 2F 0-1: Swinging Strike 0-2: Strikes out looking
|
|
Batting: LHB Nick Rooney
|
0-0: Called Strike 0-1: Swinging Strike 0-2: Ball 1-2: Fly out, F7 (Flyball, 7, EV 81.9 MPH)
|
|
Batting: RHB David Contreras
|
0-0: Ball 1-0: Called Strike 1-1: Swinging Strike 1-2: Foul Ball, location: 2F 1-2: Foul Ball, location: 2F 1-2: Foul Ball, location: 2F 1-2: Ball 2-2: Foul Ball, location: 2F 2-2: Ball 3-2: Base on Balls
|
|
Batting: LHB Micah Boshnjaku
|
0-0: Ball 1-0: Foul Ball, location: 2F 1-1: Ball 2-1: Ball 3-1: Swinging Strike 3-2: Strikes out swinging
|
| Bottom of the 6th over - 0 runs, 0 hits, 0 errors, 1 left on base; Philadelphia 0 - Pittsburgh 8 |
| TOP OF THE 7TH |
|
Philadelphia Phillies batting - Pitching for Pittsburgh Pirates : RHP Don Boudreau
|
|
Batting: LHB Mike Davis
|
0-0: Ball 1-0: Called Strike 1-1: Called Strike 1-2: Fly out, F7 (Flyball, 7, EV 86.2 MPH)
|
|
Batting: RHB Josh Hensley
|
0-0: Ball 1-0: Ball 2-0: Fly out, F8 (Flyball, 8RM, EV 85.6 MPH)
|
|
Batting: LHB Ryan Trombley
|
0-0: Foul Ball, location: 2F 0-1: Foul Ball, location: 2F 0-2: Fly out, F7 (Line Drive, 7S, EV 90.0 MPH)
|
| Top of the 7th over - 0 runs, 0 hits, 0 errors, 0 left on base; Philadelphia 0 - Pittsburgh 8 |
| BOTTOM OF THE 7TH |
|
Pittsburgh Pirates batting - Pitching for Philadelphia Phillies : RHP David LaBounty
|
|
Batting: SHB Jack Andrews
|
0-0: Fly out, F5 (Popup, 5, EV 74.4 MPH)
|
|
Batting: RHB Jason Moss
|
0-0: Fly out, F9 (Flyball, 9LM, EV 81.9 MPH)
|
|
Batting: SHB Brad Day
|
0-0: Swinging Strike 0-1: Ball 1-1: Ground out 5-3 (Groundball, 56, EV 98.1 MPH)
|
| Bottom of the 7th over - 0 runs, 0 hits, 0 errors, 0 left on base; Philadelphia 0 - Pittsburgh 8 |
| TOP OF THE 8TH |
|
Philadelphia Phillies batting - Pitching for Pittsburgh Pirates : RHP Don Boudreau
|
|
Batting: LHB Cody Schumacher
|
0-0: Ball 1-0: Ball 2-0: Called Strike 2-1: Ground out 1-3 (Groundball, 13S, EV 71.2 MPH)
|
|
Batting: SHB Phuck II
|
0-0: Ball 1-0: Fly out, F9 (Line Drive, 9, EV 98.1 MPH)
|
|
Batting: LHB Nick Canizales
|
0-0: Called Strike 0-1: Swinging Strike 0-2: Ball 1-2: Ball 2-2: Strikes out looking
|
| Top of the 8th over - 0 runs, 0 hits, 0 errors, 0 left on base; Philadelphia 0 - Pittsburgh 8 |
| BOTTOM OF THE 8TH |
|
Pittsburgh Pirates batting - Pitching for Philadelphia Phillies : RHP David LaBounty
|
|
Batting: LHB Jordan de Jesus
|
0-0: Called Strike 0-1: Called Strike 0-2: Ball 1-2: Ball 2-2: Foul Ball, location: 2F 2-2: Strikes out looking
|
|
Pitching: RHP Lucas McPhillie
|
|
|
Batting: RHB Chiel Palstermans
|
0-0: Fly out, F9 (Line Drive, 9S, EV 96.9 MPH)
|
|
Batting: LHB Brad Pepin
|
0-0: Called Strike 0-1: Swinging Strike 0-2: Strikes out swinging
|
| Bottom of the 8th over - 0 runs, 0 hits, 0 errors, 0 left on base; Philadelphia 0 - Pittsburgh 8 |
| TOP OF THE 9TH |
|
Philadelphia Phillies batting - Pitching for Pittsburgh Pirates : RHP Don Boudreau
|
|
Pitching: RHP Dave Spriggs
|
|
|
Batting: LHB Osamu Kubo
|
0-0: Ball 1-0: Ball 2-0: Ball 3-0: Base on Balls
|
|
Batting: SHB Lance Franklin
|
0-0: Ball 1-0: Ball 2-0: Called Strike 2-1: Called Strike 2-2: Strikes out swinging
|
|
Batting: RHB Chef Belew
|
0-0: Called Strike 0-1: Ball 1-1: Ball 2-1: Swinging Strike 2-2: Strikes out swinging
|
|
Batting: LHB Mike Davis
|
0-0: Ball 1-0: Foul Ball, location: 2F 1-1: Ball 2-1: Ball 3-1: Ground out 5-3 (Groundball, 56, EV 100.0 MPH)
|
| Top of the 9th over - 0 runs, 0 hits, 0 errors, 1 left on base; Philadelphia 0 - Pittsburgh 8 |
|